 Dungeon Crawl Stone Soup version 0.31.0-32-g396128a36d (webtiles) character file.

Game seed: 17575759935069570692

543 DildoBatman the Conjurer (level 7, -14/52 HPs)
             Began as a Formicid Conjurer on Mar 14, 2024.
             Was an Initiate of Kikubaaqudgha.
             Demolished by Pikel
             ... wielding a +0 whip of electrocution
              (15 damage)
             ... on level 4 of the Dungeon.
             The game lasted 00:11:57 (3975 turns).

DildoBatman the Conjurer (Formicid Conjurer)        Turns: 3975, Time: 00:11:58

Health: -14/52     AC:  7    Str: 12    XL:     7   Next: 52%
Magic:  1/12       EV: 12    Int: 19    God:    Kikubaaqudgha [......]
Gold:   223        SH:  0    Dex: 12    Spells: 10/13 levels left

rFire   . . .        a - +2 dagger (drain)
rCold   + . .        (no shield)
rNeg    + . .        x - +2 robe {rC+}
rPois   .            (helmet unavailable)
rElec   .            m - +0 cloak
rCorr   .            y - +1 pair of gloves
SInv    +            (no boots)
Will    .....        (no amulet)
Stlth   ++           w - ring of positive energy
HPRegen 0.28/turn    (no ring)
MPRegen 0.13/turn

%: no passive effects
@: no status effects
A: permanent stasis, dig shafts and tunnels, antennae 3, four strong arms
a: Dig, Shaft Self, Renounce Religion


You were on level 4 of the Dungeon.
You worshipped Kikubaaqudgha.
Kikubaaqudgha was noncommittal.
You visited 2 branches of the dungeon, and saw 5 of its levels.

You collected 223 gold pieces.

Inventory:

Hand Weapons
 a - a +2 dagger of draining (weapon)
 c - a +1 arbalest of electrocution
 d - a +2 hammer of protection
 e - a +2 hammer of holy wrath
Missiles
 h - 13 stones
 i - 2 boomerangs
 p - 8 poisoned darts
Armour
 m - a +0 cloak (worn)
 x - a +2 robe of cold resistance (worn)
 y - a +1 pair of gloves (worn)
Jewellery
 w - a ring of positive energy (left hand)
Wands
 t - a wand of roots (3)
 v - a wand of flame (14)
 z - a wand of mindburst (9)
Scrolls
 f - a scroll of summoning {unknown}
 k - 2 scrolls of identify {unknown}
 l - a scroll of fog {unknown}
 n - a scroll of brand weapon {unknown}
 r - a scroll of blinking {unknown}
 s - 2 scrolls of poison {unknown}
Potions
 b - a potion of magic
 g - 2 potions of degeneration {unknown}
 j - a potion of enlightenment {unknown}
 o - 2 potions of curing {unknown}
 q - a potion of might {unknown}
 u - a potion of invisibility {unknown}


   Skills:
 + Level 3.0 Fighting
 - Level 2.0 Throwing
 + Level 3.0 Armour
 - Level 3.0 Dodging
 - Level 4.0 Stealth
 + Level 3.8 Spellcasting
 + Level 4.4 Conjurations


You had 10 spell levels left.
You knew the following spells:

 Your Spells              Type           Power      Damage    Failure   Level
a - Searing Ray           Conj           40%        2d5       3%          2
c - Magic Dart            Conj           80%        1d7       2%          1

Your spell library contained the following spells:

 Spells                   Type           Power      Damage    Failure   Level
 Tukima's Dance           Hex            3%         N/A       38%         3
 Fulminant Prism          Conj/Alch      6%         3d7       50%         4
 Iskenderun's Mystic Bla  Conj/Tloc      12%        2d5       50%         4
 Dimensional Bullseye     Hex/Tloc       1%         N/A       80%         4


Dungeon Overview and Level Annotations

Branches:
Dungeon (4/15)             Temple (1/1) D:4

Altars:
Dithmenos
Fedhas
Gozag
Kikubaaqudgha
Makhleb
Okawaru
Ru
Trog
Vehumet
The Shining One

Annotations:
D:4 Pikel


Innate Abilities, Weirdness & Mutations

You cannot be hasted, slowed, berserked, paralysed or teleported.
You can dig through walls and to a lower floor.
You have a pair of large antennae on your head. (SInv)
Your four strong arms can wield two-handed weapons with a shield.


Message History

Confirm with . or Enter, or press ? or * to list all spells.
Aiming: Searing Ray (safe; 3% risk of failure)
Press: ? - help, Shift-Dir - straight line, f/p - Pikel
Aim: Pikel, wielding a +0 whip of electrocution and wearing a +1 robe of fire resistance (heavily wounded, 72% to hit)
The searing ray misses Pikel. (Press . to maintain the ray.) Pikel hits you with a +0 whip of electrocution.
The searing ray hits Pikel.
Pikel is heavily wounded.
Pikel hits you but does no damage.
Your +1 arbalest of electrocution stops crackling.
You sense an unholy aura.
a - a +2 dagger of draining (weapon)
Okay, then.
Unknown command.
You hit Pikel. You drain Pikel.
Pikel is severely wounded.
Pikel says, "You'll burn in Gehenna!"
Pikel hits you with a +0 whip of electrocution.
You hit Pikel but do no damage.
Pikel is severely wounded.
Pikel hits you with a +0 whip of electrocution.
You barely miss Pikel.
Pikel is severely wounded.
Pikel hits you with a +0 whip of electrocution.
You closely miss Pikel.
Pikel is severely wounded.
Pikel closely misses you.
You hit Pikel but do no damage.
Pikel is severely wounded.
Pikel waves his whip at you. Pikel misses you.
You hit Pikel but do no damage.
Pikel is severely wounded.
Pikel hits you with a +0 whip of electrocution.
You are electrocuted!
You die...
Pikel says, "Another soul for the market."
Kikubaaqudgha rasps: "You have failed me!
Welcome... death!"

#.......#####.............#.....
#...............##...##...####'#
#...............##...##...#.....
#.........................#.....
#..................>......#.....
#.........................#.....
#.......#+###...##..)##..##.....
#.......#...#.K.##...##...#.....
#.......#...###@.........##.....
#...................#[...##.....
########....##.....##....##.....
##...##.....###'..##.....
#...........'............
#....##.....##..###......
#########...########...#.#...###
##.......#....# ......###.###.#
.........#....# ......#.....#.#


You could see Pikel (drained).

Vanquished Creatures
  Grinder (D:3)
  4 lemures
  Crazy Yiuf (D:2)
  2 hounds
  5 orc wizards (D:4)
  4 adders
  6 dart slugs
  2 ribbon worms
  8 endoplasms
  5 giant cockroaches
  9 goblins
  5 hobgoblins
  9 jackals (D:1)
  2 quokkas
  6 ball pythons
  4 bats
  A frilled lizard (D:3)
  5 kobolds
  5 rats
84 creatures vanquished.

Vanquished Creatures (others)
  An orc wizard (D:4)
1 creature vanquished.

Grand Total: 85 creatures vanquished

Notes
Turn   | Place    | Note
-------+----------+-------------------------------------------
     0 | D:1      | DildoBatman the Formicid Conjurer began the quest for the
                  | Orb.
     0 | D:1      | Reached XP level 1. HP: 13/13 MP: 3/3
   394 | D:1      | Reached XP level 2. HP: 18/20 MP: 0/5
   397 | D:1      | Learned a level 2 spell: Searing Ray
   647 | D:1      | Reached skill level 1 in Fighting
   647 | D:1      | Reached XP level 3. HP: 25/26 MP: 3/6
   757 | D:1      | Reached skill level 1 in Armour
  1319 | D:2      | Reached XP level 4. HP: 24/29 MP: 1/7
  1790 | D:2      | Found a runed translucent door.
  1792 | D:2      | Noticed Crazy Yiuf
  2046 | D:3      | Noticed Grinder
  2164 | D:3      | Reached skill level 1 in Throwing
  2164 | D:3      | Reached XP level 5. HP: 32/38 MP: 2/9
  2513 | D:3      | Found a glowing golden altar of the Shining One.
  2730 | D:4      | Found a blossoming altar of Fedhas.
  2760 | D:4      | Found a burning altar of Makhleb.
  2803 | D:4      | Found a radiant altar of Vehumet.
  2986 | D:4      | Reached XP level 6. HP: 32/44 MP: 5/10
  3036 | D:4      | Found a staircase to the Ecumenical Temple.
  3060 | Temple   | Entered the Ecumenical Temple
  3069 | Temple   | Became a worshipper of Kikubaaqudgha
  3121 | D:4      | Noticed Pikel
  3482 | D:2      | Killed Crazy Yiuf
  3598 | D:3      | Killed Grinder
  3599 | D:3      | Reached XP level 7. HP: 29/52 MP: 2/12
  3971 | D:4      | HP: 2/52 [Pikel/+0 whip of electrocution (4)]
  3975 | D:4      | Demolished by Pikel

Illustrated notes

Levels and vault maps discovered:
D:1:      dpeg_cavernosity, layout_basic, minmay_pentomino_z2
D:2:      layout_basic, uniq_crazy_yiuf_cottage
D:3:      layout_loops_ring, mainiacjoe_overflow_brackets, serial_glass,
          glass_columns_b, glass_columns_a, glass_columns_c, glass_columns_b,
          glass_columns_c, glass_columns_a, glass_columns_a, glass_columns_c,
          uniq_grinder
D:4:      layout_gridville, mainiacjoe_overflow_two_lobes,
          vehumet_altar_wand_db, minmay_temple_entry_stoned_glass, serial_shops,
          kennysheep_little_box, serial_rivers, chequers_serial_rivers_micro_d,
          chequers_serial_rivers_small_b, chequers_serial_rivers_micro_d,
          chequers_serial_rivers_micro_c, chequers_serial_rivers_room_b,
          minmay_a_box_with_orc_wizards_in_it, uniq_pikel
Temple:   hellmonk_temple_flake

Skill      XL: |  1  2  3  4  5  6 |
---------------+-------------------+-----
Dodging        | 2 3 |  3.0
Fighting       | 1 2 3 |  3.0
Armour         | 1 2 3 |  3.0
Stealth        | 3 4 |  4.0
Throwing       | 1 2 |  2.0
Conjurations   | 4 |  4.4
Spellcasting   | 3 |  3.8

Action                     |  1- 3 |  4- 6 |  7- 9 || total
---------------------------+-------+-------+-------++-------
  Melee: Club              |    12 |       |       ||    12
         Unarmed           |     5 |       |       ||     5
         Short sword       |    19 |       |       ||    19
         Mace              |       |    17 |       ||    17
         Dagger            |       |    11 |     6 ||    17
         Punch             |       |     1 |       ||     1
   Fire: Arbalest          |    10 |    68 |     2 ||    80
   Cast: Magic Dart        |    37 |    11 |       ||    48
         Searing Ray       |     6 |    11 |     6 ||    23
Ability: Dig               |     2 |       |       ||     2
   Stab: Sleeping          |     3 |       |       ||     3
 Armour: Robe              |    34 |    49 |    15 ||    98
  Dodge: Dodged            |    33 |    44 |     6 ||    83
